AoeStats
← pbarnier543

Arena

505016999Analyzed
1v1 RM · 23d ago on Sep 7, 2026· 46m 25s· 2 players
Game mode
Random Map
Map size
Tiny (2 player)
Population
200
Speed
Normal
Resources
Standard
Victory
Conquest
Starting age
Dark Age
Ending age
Imperial Age
RankedLock teamsTeams togetherTeam positionsShared explorationLock speedFull tech treeHidden civsTurbo modeCheats
Victory
Defeat
🇫🇷 Japanese · France
393
+15
🇫🇷 Teutons · France
367
-15
pbarnier543
1:04 Loom
14:08 Feudal Age
15:46 Wheelbarrow
14:58 Town Watch
15:20 Horse Collar
16:02 Double-Bit Axe
17:27 Gold Mining
21:09 Stone Mining
26:31 Castle Age
24:59 Forging
25:31 Arson
25:56 Scale Barding Armor
25:53 Scale Mail Armor
26:04 Padded Archer Armor
28:10 Hand Cart
27:57 Town Patrol
28:44 Heavy Plow
29:02 Bow Saw
29:48 Masonry
29:59 Ballistics
30:51 Ironclad
35:09 Imperial Age
33:53 Bloodlines
34:34 Iron Casting
34:31 Fletching
35:20 Leather Archer Armor
36:24 Crenellations
36:18 Squires
36:05 Gambesons
37:26 Conscription
38:52 Stone Shaft Mining
39:39 Blast Furnace
39:29 Chain Mail Armor
40:36 Ring Archer Armor
41:08 Hoardings
40:57 Elite Teutonic Knight
42:38 Plate Mail Armor
42:50 Chain Barding Armor
43:10 Bodkin Arrow
44:58 Crop Rotation
45:33 Two-Man Saw
LyadozTv
16:21 Feudal Age
14:39 Loom
17:07 Double-Bit Axe
17:03 Horse Collar
17:14 Gold Mining
17:15 Stone Mining
18:15 Wheelbarrow
21:11 Castle Age
19:51 Scale Mail Armor
20:54 Fletching
21:04 Padded Archer Armor
21:10 Scale Barding Armor
22:09 Wheelbarrow
21:06 Man-at-Arms
22:00 Forging
22:50 Bow Saw
22:37 Long Swordsman
23:03 Gambesons
23:21 Squires
23:08 Arson
23:46 Pikeman
29:48 Hand Cart
32:42 Imperial Age
33:37 Iron Casting
33:17 Chain Mail Armor
35:05 Two-Man Saw
34:06 Heavy Plow
34:42 Gold Shaft Mining
34:00 Two-Handed Swordsman
35:44 Blast Furnace
34:40 Bodkin Arrow
36:49 Plate Mail Armor
36:40 Chain Barding Armor
37:27 Kataparuto
37:08 Yasama
38:14 Elite Samurai
38:39 Champion
40:23 Hoardings
40:09 Conscription
40:42 Masonry
40:28 Murder Holes
40:44 Fortified Wall
40:55 Ballistics
40:16 Treadmill Crane
40:14 Halberdier
Connection lost

Rejoining the realm…

Still unreachable

The connection could not be restored.

Session expired

The server has moved on; the page needs a fresh start.